 Dungeon Crawl Stone Soup version 0.17-a0-1718-g72dbe4d (webtiles) character file.

6444 kae the Fencer (level 10, -1/77 HPs)
             Began as a Minotaur Fighter on Aug 26, 2015.
             Was a Believer of Qazlal.
             Asphyxiated
             ... on level 10 of the Dungeon.
             The game lasted 00:10:24 (7415 turns).

kae the Fencer (Minotaur Fighter)                   Turns: 7415, Time: 00:10:24

Health: -1/77      AC:  9    Str: 26    XL:     10   Next: 67%
Magic:  9/9        EV: 15    Int:  7    God:    Qazlal [**....]
Gold:   406        SH:  3    Dex:  9    Spells: 0 memorised, 9 levels left

rFire  . . .     SeeInvis .     a - +0 great sword
rCold  + . .     Clarity  .     d - +1 ring mail {rF+}
rNeg   . . .     SustAt   .     (no shield)
rPois  .         Gourm    .     (helmet restricted)
rElec  .         Spirit   .     R - +2 cloak
rCorr  .         Warding  .     (no gloves)
rMut   .         Stasis   .     (no boots)
MR     +....                    k - amulet of rage
Stlth  ..........               y - ring of Tekipt {Ice MR+ Str+3 Slay+3}
                                r - +5 ring of evasion

@: lethally poisoned (-1 -> -73), slowed, very slow, somewhat resistant to
hostile enchantments, extremely unstealthy
A: retaliatory headbutt, horns 2
a: Upheaval, Renounce Religion, Evoke Berserk Rage


You were on level 10 of the Dungeon.
You worshipped Qazlal.
Qazlal was pleased with you.
You were hungry.

You visited 2 branches of the dungeon, and saw 11 of its levels.

You collected 548 gold pieces.
You spent 142 gold pieces at shops.

Inventory:

Hand weapons
 a - a +0 great sword (weapon)
 N - a +0 falchion of slicing
 Q - a +1 long sword
Armour
 c - a +0 shield
 d - a +1 ring mail of fire resistance (worn)
 R - a +2 cloak (worn)
Jewellery
 k - an amulet of rage (around neck)
 p - a +5 ring of protection
 r - a +5 ring of evasion (left hand)
 x - a +3 ring of protection
 y - the ring of Tekipt (right hand) {Ice MR+ Str+3 Slay+3}
   (You found it on level 4 of the Dungeon)

   [ring of ice]

   It enhances your ice magic, and weakens your fire magic.
   It affects your strength (+3).
   It affects your accuracy and damage with ranged weapons and melee attacks
   (+3).
   It makes you vulnerable to fire.
   It protects you from cold.
   It affects your resistance to hostile enchantments.
 T - an uncursed ring of flight
Magical devices
 b - a wand of polymorph (10)
 f - a wand of disintegration (24)
 o - a wand of fireball (5)
 s - a wand of flame (17)
 w - a wand of flame (28)
 F - a wand of lightning (10)
 G - a wand of polymorph (19)
 L - a wand of slowing (17)
 W - a wand of fire (9)
Scrolls
 g - 4 scrolls of amnesia
 l - 6 scrolls of identify
 q - 2 scrolls of fog
 v - 4 scrolls of remove curse
 C - 2 scrolls of enchant armour
 I - a scroll of magic mapping
 K - 2 scrolls of teleportation
 M - a scroll of recharging
 S - a scroll of summoning {unknown}
Potions
 h - a potion of magic {unknown}
 i - a potion of beneficial mutation {unknown}
 t - 2 potions of ambrosia
 u - 3 potions of lignification
 z - 2 potions of poison
 A - 6 potions of curing
 B - a potion of degeneration
 D - 2 potions of haste
 E - a potion of agility {unknown}
 H - 2 potions of heal wounds
 O - a potion of brilliance {unknown}
 P - a potion of invisibility {unknown}
 V - a potion of might
Books
 U - a book of Spatial Translocations

   Spells                             Type                      Level
   a - Apportation                    Translocation                1
   b - Blink                          Translocation                2
   c - Shroud of Golubria             Charms/Translocation         2
   d - Portal Projectile              Translocation                3
   e - Teleport Other                 Translocation                3
   f - Passage of Golubria            Translocation                4
Comestibles
 e - 7 bread rations
 j - 2 meat rations
 m - 8 beef jerkies
 n - 9 slices of pizza
 J - 5 fruits


   Skills:
 - Level 3.6 Fighting
 + Level 17.9 Long Blades
 - Level 3.6 Armour
 - Level 3.6 Shields


You had 9 spell levels left.
You didn't know any spells.

Dungeon Overview and Level Annotations

Branches:
Dungeon (10/15)            Temple (1/1) D:4
   Lair: D:8-11         Orc: D:9-12

Altars:
Ashenzari
Cheibriados
Dithmenos
Elyvilon
Fedhas
Gozag
Kikubaaqudgha
Makhleb
Nemelex Xobeh
Okawaru
Qazlal
Ru
Sif Muna
Trog
Vehumet
Xom
Yredelemnul
Zin
The Shining One

Shops:
D:6 *   D:8 *

Annotations:
D:10 Sonja


Innate Abilities, Weirdness & Mutations

You reflexively headbutt those who attack you in melee.
You have a pair of horns on your head.


Message History

You are more poisoned.
You have difficulty breathing.
You feel as though you will be slow longer.
* * * LOW HITPOINT WARNING * * *
You feel extremely sick.
Sonja casts a spell.
Sonja blinks!
You see here 2 curare-tipped needles.
Unknown command.
* * * LOW HITPOINT WARNING * * *
You feel very sick.
Sonja shoots a curare-tipped needle.
The curare-tipped needle hits you.
You are more poisoned.
You have difficulty breathing.
* * * LOW HITPOINT WARNING * * *
You feel as though you will be slow longer.
Sonja shoots a curare-tipped needle.
The curare-tipped needle hits you.
You are more poisoned.
You have difficulty breathing.
You die...

## ... #.# #.# #.#
#.# #
.######.#######..#
.........K..@...[...
#.####.#.#(###.?>..
#.........(# ###
#....<.#ยง###
########.# #.# #..
###


You could see Sonja.

Vanquished Creatures
  Pikel (D:7)
  2 hill giants (D:9)
  Maurice (D:9)
  Joseph (D:7)
  A troll (D:9)
  2 two-headed ogres
  A human (D:7)
  Sigmund (D:5)
  A deep elf mage (D:6)
  A hungry ghost (D:8)
  2 hogs (D:7)
  A water moccasin (D:9)
  4 slaves (D:7)
  A black bear (D:8)
  3 ice beasts
  A phantom (D:8)
  An orc warrior (D:7)
  A crocodile (D:9)
  3 centaurs
  2 big kobolds
  3 giant frogs
  A wyvern zombie (D:6)
  3 scorpions
  5 crimson imps
  10 orc wizards
  A giant frog skeleton (D:7)
  7 hounds
  A jelly (D:7)
  Crazy Yiuf (D:2)
  4 giant frog zombies
  4 iguanas
  4 worker ants
  4 orc priests
  Natasha (thrice) (D:3)
  2 sheep (D:7)
  A killer bee zombie (D:8)
  2 hound skeletons
  10 adders
  4 gnolls
  An ooze (D:3)
  A worm (D:2)
  4 giant geckos
  25 orcs
  2 ball pythons
  6 bats
  4 goblins
  2 hobgoblins
  4 jackals (D:1)
  18 kobolds
  7 quokkas
  6 giant cockroaches
  3 giant newts
  8 rats
192 creatures vanquished.

Notes
Turn   | Place    | Note
--------------------------------------------------------------
     0 | D:1      | kae the Minotaur Fighter began the quest for the Orb.
     0 | D:1      | Reached XP level 1. HP: 19/19 MP: 0/0
    98 | D:1      | Reached XP level 2. HP: 24/26 MP: 1/1
   395 | D:1      | Reached skill level 4 in Long Blades
   395 | D:1      | Reached XP level 3. HP: 31/31 MP: 2/2
   937 | D:2      | Found a deep blue altar of Sif Muna.
   988 | D:2      | Noticed Crazy Yiuf
   996 | D:2      | Killed Crazy Yiuf
   996 | D:2      | Reached skill level 5 in Long Blades
   996 | D:2      | Reached XP level 4. HP: 6/39 MP: 3/3
  1348 | D:3      | Noticed Natasha
  1358 | D:3      | Killed Natasha
  1425 | D:3      | Noticed Natasha
  1432 | D:3      | Killed Natasha
  1458 | D:3      | Found a shimmering altar of Xom.
  1488 | D:3      | Reached skill level 6 in Long Blades
  1491 | D:3      | Noticed Natasha
  1494 | D:3      | Killed Natasha
  1799 | D:3      | Found a radiant altar of Vehumet.
  1945 | D:4      | Reached XP level 5. HP: 43/45 MP: 4/4
  1974 | D:4      | Got a wavering glass ring
  2000 | D:4      | Identified the ring of Tekipt {Ice MR+ Str+3 Slay+3} (You found it on level 4 of the Dungeon)
  2144 | D:4      | Found a white marble altar of Elyvilon.
  2163 | D:4      | Reached skill level 7 in Long Blades
  2221 | D:4      | Found a staircase to the Ecumenical Temple.
  2256 | D:4      | Found a shattered altar of Ashenzari.
  2302 | Temple   | Entered the Ecumenical Temple
  2482 | D:5      | Entered Level 5 of the Dungeon
  2521 | D:5      | Reached XP level 6. HP: 47/51 MP: 5/5
  2545 | D:5      | Reached skill level 8 in Long Blades
  2662 | D:5      | Noticed Sigmund
  2669 | D:5      | Killed Sigmund
  2669 | D:5      | Reached skill level 9 in Long Blades
  2669 | D:5      | Reached XP level 7. HP: 50/57 MP: 6/6
  2737 | D:5      | Found an ancient bone altar of Kikubaaqudgha.
  2979 | D:5      | Reached skill level 10 in Long Blades
  3053 | D:5      | Found a blossoming altar of Fedhas.
  3319 | D:6      | Found Zyciqe's General Store.
  3397 | D:6      | Bought a potion of heal wounds for 50 gold pieces
  3397 | D:6      | Bought a scroll of identify for 20 gold pieces
  3578 | D:6      | Noticed a deep elf mage
  3590 | D:6      | Killed a deep elf mage
  3815 | D:6      | Reached skill level 11 in Long Blades
  3889 | D:6      | Found a stormy altar of Qazlal.
  3900 | D:6      | Became a worshipper of Qazlal Stormbringer
  3960 | D:6      | Reached XP level 8. HP: 64/64 MP: 7/7
  4217 | D:7      | Noticed Joseph
  4225 | D:7      | Killed Joseph
  4225 | D:7      | Reached skill level 12 in Long Blades
  4292 | D:7      | Noticed Pikel
  4322 | D:7      | Killed Pikel
  4322 | D:7      | Reached skill level 13 in Long Blades
  4322 | D:7      | Reached XP level 9. HP: 62/70 MP: 8/8
  4459 | D:7      | Found a basalt altar of Yredelemnul.
  4528 | D:7      | Reached skill level 14 in Long Blades
  4936 | D:7      | Found a shimmering altar of Xom.
  5039 | D:7      | Acquired Qazlal's first power
  5266 | D:8      | Reached skill level 15 in Long Blades
  5572 | D:8      | Found Fuira's Assorted Antiques.
  5575 | D:8      | Bought a glowing falchion for 72 gold pieces
  5823 | D:8      | Reached skill level 16 in Long Blades
  5839 | D:8      | Found a burning altar of Makhleb.
  5841 | D:8      | Found a glowing silver altar of Zin.
  5841 | D:8      | Noticed an angel
  5842 | D:8      | Noticed a cacodemon
  6267 | D:8      | Reached XP level 10. HP: 60/77 MP: 9/9
  6283 | D:9      | Noticed Maurice
  6312 | D:9      | Killed Maurice
  6515 | D:9      | Acquired Qazlal's second power
  6655 | D:9      | Found a bloodstained altar of Trog.
  6772 | D:9      | Reached skill level 17 in Long Blades
  6981 | D:9      | Noticed a hill giant
  7077 | D:9      | Killed a hill giant
  7097 | D:9      | Noticed a hill giant
  7106 | D:9      | Killed a hill giant
  7328 | D:9      | Found a blossoming altar of Fedhas.
  7395 | D:10     | Entered Level 10 of the Dungeon
  7403 | D:10     | Noticed Sonja
  7415 | D:10     | Asphyxiated

Vault maps used:
D:1:      lightli_arrival_maybe_door_vault
D:2:      lemuel_blue_sif_altar, first_bread, st_stairs_9,
          uniq_crazy_yiuf_cottage
D:3:      nicolae_overflow_crystal_walls, lemuel_crystal_altar, uniq_natasha
D:4:      lemuel_doored_altar, lemuel_crystal_altar, minmay_temple_entry_trees
D:5:      kiku_gazebo_garden_becter, fedhas_altar_4, uniq_sigmund
D:6:      lemuel_round_altar, serial_shops, nicolae_shop_stone
D:7:      kennysheep_little_box, basic_altar, grunt_livestock, uniq_joseph,
          uniq_pikel
D:8:      grunt_temple_overflow_order_and_chaos_2, serial_shops,
          nicolae_shop_behind_doors
D:9:      overflow_temple_1_default, kennysheep_mini, minmay_variable_closet,
          uniq_maurice
D:10:     lair_0_dummy, nicolae_looking_at_the_future, uniq_sonja
Temple:   nicolae_temple_great_sept

Action                   |  1- 3 |  4- 6 |  7- 9 | 10-12 || total
-------------------------+-------+-------+-------+-------++-------
Melee: Long sword        |    93 |   107 |   258 |       ||   458
       Falchion          |       |       |    35 |   118 ||   153
       Great sword       |       |       |       |     3 ||     3
  Use: Scroll            |       |    14 |     3 |       ||    17
       Potion            |       |     1 |     1 |     1 ||     3
 Stab: Distracted        |       |       |     1 |       ||     1
  Eat: Chunk             |       |     6 |     9 |     4 ||    19
       Royal jelly       |       |       |     1 |       ||     1
